 Dungeon Crawl Stone Soup version 0.30.0 (webtiles) character file.

Game seed: 5170998972084354090

21 Jarnaxa the Chopper (level 2, -4/24 HPs)
             Began as a Demonspawn Berserker on May 6, 2023.
             Was a Follower of Trog.
             Slain by a gnoll
             ... wielding a +0 halberd
              (6 damage)
             ... on level 2 of the Dungeon.
             The game lasted 00:01:21 (734 turns).

Jarnaxa the Chopper (Demonspawn Berserker)           Turns: 734, Time: 00:01:22

Health: -4/24      AC:  2    Str: 17    XL:     2   Next: 65%
Magic:  2/2        EV: 12    Int:  8    God:    Trog [*.....]
Gold:   46         SH:  0    Dex: 12    Spells: 1/1 levels left

rFire   . . .        a - +0 hand axe
rCold   . . .        (no shield)
rNeg    . . .        b - +0 animal skin
rPois   .            (no helmet)
rElec   .            e - scarf {repulsion}
rCorr   .            (no gloves)
SInv    .            (no boots)
Will    .....        (no amulet)
Stlth   +            (no ring)
HPRegen 0.24/turn    (no ring)
MPRegen 0.08/turn

%: repel missiles
@: no status effects
A: demonic touch 1
a: Renounce Religion, Berserk


You were on level 2 of the Dungeon.
You worshipped Trog.
Trog was aware of your devotion.
You visited 1 branch of the dungeon, and saw 2 of its levels.

You collected 46 gold pieces.

Inventory:

Hand Weapons
 a - a +0 hand axe (weapon)
Armour
 b - a +0 animal skin (worn)
 e - a scarf of repulsion (worn)
Scrolls
 c - 2 scrolls of fog {unknown}
 f - a scroll of blinking {unknown}
 h - a scroll of teleportation {unknown}
 i - a scroll of identify {unknown}
Potions
 d - a potion of curing {unknown}
 g - a potion of lignification {unknown}


   Skills:
 + Level 3.2 Fighting
 + Level 3.3 Axes
 + Level 1.7 Armour
 + Level 1.8 Dodging


You had one spell level left.
You didn't know any spells.
Your spell library was empty.

Dungeon Overview and Level Annotations

Branches:
Dungeon (2/15)

Altars:


Innate Abilities, Weirdness & Mutations

Your touch may inflict minor irresistible damage on your foes.


Message History

The kobold hits you but does no damage.
You closely miss the kobold. Your touch misses the kobold.
The kobold closely misses you.
You slash the kobold!
You kill the kobold!
Trog accepts your kill.
You see here a +0 dagger.
i - a scroll labelled VUMOERH TEOQAIMM
Found a book of Minor Magic.
You see here a book of Minor Magic.
Done exploring.
Done exploring.
Done exploring.
Done exploring.
There is a stone staircase leading down here.
You climb downwards.
There is a stone staircase leading up here.
The gnoll shouts!
A gnoll comes into view. It is wielding a +0 club.
The gnoll shouts!
You hear a shout!
You hit the gnoll but do no damage.
A gnoll comes into view. It is wielding a +0 halberd.
The gnoll closely misses you. x2
You closely miss the gnoll. You punch the gnoll, but do no damage.
The gnoll closely misses you.
The gnoll hits you from afar with a +0 halberd.
The gnoll closely misses you.
You barely miss the gnoll.
The gnoll hits you from afar with a +0 halberd.
The gnoll misses you. The gnoll hits you with a +0 club.
You hit the gnoll.
You touch the gnoll.
The gnoll is almost dead.
The gnoll hits you from afar with a +0 halberd!
* * * LOW HITPOINT WARNING * * *
The gnoll closely misses you. The gnoll misses you.
You hit the gnoll.
You kill the gnoll!
Trog accepts your kill.
The gnoll hits you from afar with a +0 halberd.
You die...

#
.####g######.###.
.....g)@.<.......
#####.###.#####..
# .... ....##
...... .###.###
#. #.# # #.#


You could see 2 gnolls.

Vanquished Creatures
  A gnoll (D:2)
  A dart slug (D:1)
  2 ball pythons (D:1)
  4 endoplasms (D:1)
  3 giant cockroaches (D:1)
  2 quokkas (D:1)
  A frilled lizard (D:1)
  2 kobolds (D:1)
  2 rats (D:1)
18 creatures vanquished.

Notes
Turn   | Place    | Note
-------+----------+-------------------------------------------
     0 | D:1      | Jarnaxa the Demonspawn Berserker began the quest for the
                  | Orb.
     0 | D:1      | Reached XP level 1. HP: 18/18 MP: 1/1
   125 | D:1      | Discovered your monstrous ancestry.
   125 | D:1      | Gained mutation: Your touch may inflict minor irresistible
                  | damage on your foes. [demonic ancestry]
   125 | D:1      | Reached XP level 2. HP: 15/24 MP: 2/2
   734 | D:2      | Slain by a gnoll

Illustrated notes

Levels and vault maps discovered:
D:1:      lightli_arrival_quake, layout_loops_ring
D:2:      layout_basic, minmay_tripent, uniq_sigmund, uniq_terence

Skill      XL: |  1 |
---------------+----+-----
Axes           | 3 |  3.3
Fighting       | |  3.2
Armour         | |  1.7
Dodging        | |  1.8

Action                     || total
---------------------------++-------
  Melee: Hand axe          ||    45
         Punch             ||     2
         Touch             ||     4
   Stab: Sleeping          ||     4
 Armour: Animal skin       ||     9
  Dodge: Dodged            ||    22
